 Dungeon Crawl Stone Soup version 0.21-a0-251-g5e8393f (webtiles) character file.

3201 tidbits the Martial Artist (level 9, -6/74 HPs)
             Began as a Demigod Transmuter on Sept 5, 2017.
             Killed from afar by an orc warrior (29 damage)
             ... with a wand of lightning (?/15)
             ... on level 8 of the Dungeon.
             The game lasted 00:42:39 (4137 turns).

tidbits the Martial Artist (Demigod Transmuter)     Turns: 4137, Time: 00:42:40

Health: -6/74      AC:  6    Str: 13    XL:     9   Next: 38%
Magic:  14/15      EV: 14    Int: 23    God:
Gold:   17         SH:  5    Dex: 14    Spells: 1/12 levels left

rFire    + . .     SeeInvis .     - Unarmed
rCold    . . .     Gourm    .   (no shield)
rNeg     . . .     Faith    .   B - +2 robe {rF+}
rPois    .         Spirit   .   (helmet restricted)
rElec    .         Reflect  +   (no cloak)
rCorr    .         Harm     .   (no gloves)
MR       .....                  F - +0 pair of boots
Stlth    ++........             x - +5 amulet of reflection
HPRegen  0.22/turn              (no ring)
MPRegen  0.14/turn              (no ring)

@: no status effects
A: horns 1, rugged brown scales 1, clumsy 1, high mp 1, evolution 1
a: no special abilities


You were on level 8 of the Dungeon.
You were not hungry.

You visited 2 branches of the dungeon, and saw 8 of its levels.

You collected 303 gold pieces.
You spent 286 gold pieces at shops.

Inventory:

Hand Weapons
 g - a +0 dagger of venom
   (You took it off an orc on level 4 of the Dungeon)
 j - a +3 long sword
 k - a +0 hunting sling
 s - a +0 scythe
 t - a +1 war axe of flaming
   (You took it off an orc on level 4 of the Dungeon)
 w - a +1 flail of draining
   (You took it off an orc on level 3 of the Dungeon)
 y - a +3 dagger of speed
   (You took it off an orc wizard on level 5 of the Dungeon)
Missiles
 a - 44 arrows
 e - 10 tomahawks (quivered)
 l - 24 poisoned needles
 H - 8 tomahawks of dispersal {!f}
Armour
 m - +0 swamp dragon scales
 n - a +0 shield
 z - a +0 buckler
 B - a +2 robe of fire resistance (worn)
   (You took it off Jessica on level 3 of the Dungeon)
 E - a +1 helmet
 F - a +0 pair of boots (worn)
Jewellery
 x - a +5 amulet of reflection (around neck)
   (You took it off an orc wizard on level 4 of the Dungeon)
Wands
 f - a wand of flame (12/48)
 I - a wand of acid (11/15)
Scrolls
 b - 2 scrolls of noise {unknown}
 i - 3 scrolls of teleportation
 o - a scroll of amnesia
 p - 2 scrolls of enchant weapon
 q - 4 scrolls of recharging
 u - 6 scrolls of remove curse
 v - a scroll of magic mapping {unknown}
 J - 2 scrolls of fog
Potions
 r - 2 potions of resistance
 A - a potion of lignification
 C - a potion of flight {unknown}
 D - a potion of might
 K - a potion of haste {unknown}
Books
 c - a book of Changes

   Spells                             Type                      Level
   a - Beastly Appendage              Transmutation                1
   b - Sticks to Snakes               Transmutation                2
   c - Spider Form                    Transmutation/Poison         3
   d - Ice Form                       Ice/Transmutation            4
   e - Blade Hands                    Transmutation                5
Comestibles
 d - 3 bread rations
 h - 5 fruits


   Skills:
 + Level 4.3 Fighting
 + Level 4.7 Dodging
 - Level 1.0 Stealth
 * Level 9.1 Unarmed Combat
 + Level 2.4 Spellcasting
 + Level 6.3 Transmutations


You had one spell level left.
You knew the following spells:

 Your Spells              Type           Power        Failure   Level  Hunger
e - Beastly Appendage     Tmut           ####..       1%          1    None
h - Blade Hands           Tmut           ####......   26%         5    ######.
k - Sticks to Snakes      Tmut           ####....     1%          2    ##.....
p - Spider Form           Tmut/Pois      ###.......   10%         3    ###....


Dungeon Overview and Level Annotations

Branches:
Dungeon (8/15)             Temple (0/1) D:5            Lair (1/6) D:8

Shops:
D:8 *?

Annotations:
D:8 exclusion: fire dragon
Lair:1 Fannar


Innate Abilities, Weirdness & Mutations

You have an increased reservoir of magic. (+10% MP)
You have a pair of small horns on your head.
You are partially covered in rugged brown scales. (AC +1, +3% HP)
You are clumsy. (Dex -2)
You evolve.


Message History

Your adder withers and dies!
Found a stone staircase leading down.
You found a shaft!
Found Odaup's Assorted Antiques and Atoetao's Magic Scroll Boutique.
There is an entrance to Odaup's Assorted Antiques here.
You can access your shopping list by pressing '$'.
There is an entrance to Atoetao's Magic Scroll Boutique here.
Okay, then.
There is an entrance to Odaup's Assorted Antiques here.
I - a wand of acid (?/15);
K - a metallic brown potion Thank you for shopping at Odaup's Assorted Antiques!
You can access your shopping list by pressing '$'.
As you read the scroll of identify, it crumbles to dust.
I - a wand of acid (11/15) Wear which item? (? for menu, Esc to quit)
You start putting on your armour.
You continue putting on your pair of boots. x4
You finish putting on your +0 pair of boots.
Adjust (i)tems, (s)pells, or (a)bilities?
Adjust which item? (? for menu, Esc to quit)
A - a +0 pair of boots (worn)
Adjust to which letter? (? for menu, Esc to quit)
F - a +0 pair of boots (worn);
A - a bubbling grey potion
There is an entrance to Atoetao's Magic Scroll Boutique here.
J - 2 scrolls of fog (gained 1);
G - a scroll of identify
u - 6 scrolls of remove curse (gained 1)
G - 2 scrolls of identify (gained 1) Thank you for shopping at Atoetao's Magic Scroll Boutique!
You can access your shopping list by pressing '$'.
As you read the scroll of identify, it crumbles to dust.
i - 3 scrolls of teleportation
As you read the scroll of identify, it crumbles to dust.
A - a potion of lignification The orc wizard shouts!
An orc comes into view. It is wielding a flail.
Casting: Spider Form
Confirm with . or Enter, or press ? or * to list all spells.
You create 2 snakes!
You now have 44 arrows.
Casting: Sticks to Snakes
Confirm with . or Enter, or press ? or * to list all spells.
You turn into a venomous arachnid creature.
Your +0 pair of boots melds into your body.
Your +2 robe of fire resistance melds into your body.
You feel less resistant to fire.
Your adder misses the orc wizard. You hit the orc wizard.
The orc wizard is poisoned.
The orc wizard is moderately wounded.
Your adder bites the orc wizard but does no damage.
The orc wizard hits you but does no damage.
You hit the orc wizard.
The orc wizard looks as sick as possible!
The orc wizard is heavily wounded.
Your adder bites the orc wizard but does no damage.
Your adder barely misses the orc wizard.
The orc wizard hits you but does no damage.
You closely miss the orc wizard.
The orc wizard is heavily wounded.
Your adder bites the orc wizard.
Your adder bites the orc wizard but does no damage.
The orc wizard points at your adder and mumbles some strange words.
The magic dart hits your adder.
You catch the helpless orc wizard completely off-guard!
You bite the orc wizard!
You kill the orc wizard!
You swap places.
Things that are here:
a dagger; a robe You swap places.
Something completely misses your adder.
Unknown command.
You swap places.
You block the orc's attack.
The orc warrior hits you from afar with a glaive!!
* * * LOW HITPOINT WARNING * * *
Things that are here:
a dagger; a robe You swap places.
Your transformation is almost over.
Something misses your adder.
Your adder bites the orc.
The orc is poisoned.
Your adder poisons the orc!
The orc barely misses your adder.
Your adder closely misses the orc.
Something misses your adder.
Your transformation has ended.
Your +0 pair of boots unmelds from your body.
Your +2 robe of fire resistance unmelds from your body.
You feel resistant to fire.
You feel a bit more experienced.
Your adder withers and dies!
What are your orders? t - Shout!
Orders for allies: a - Attack new target. r - Retreat! s - Stop attacking. g - Guard the area. f - Follow me.
Anything else - Cancel.
Gang up on whom?
Press: ? - help, Dir - move target cursor, f - orc warrior
Aim: an orc warrior, wielding a glaive and wearing a chain mail Attack!
The orc warrior hits your adder with a glaive!
Your adder dies!
The orc warrior zaps a wand.
The bolt of lightning hits you!
You die...

.....##.........# #.# #.
#.##.........# #.# #.
####.##.........# #.# #.
......#.........### #.#### #.
......#...........# #....# #.
......#.........#.# #.##.# #.
..................####.##.#######
......#...o......................
......######+###@.####.##.#######
#####....# #...........##.# ###
...##....#######..####.##.# ..#
.....>..oS.o..............####..#
...#......###.....####.##.#...# #
...#........#.#...# #.##.....# #
...##....##.).#...# #.##.#...# #
...##.∩..######...####.##.####..#
...##....# ##..........# D.#


You could see an orc warrior.

Vanquished Creatures
  Pikel (D:6)
  Joseph (D:8)
  Sigmund (D:3)
  2 porcupines (D:8)
  An orc warrior (D:8)
  A black bear (D:8)
  A slave (D:6)
  A phantom (D:4)
  2 sky beasts
  A centaur (D:6)
  2 crocodiles
  A big kobold (D:8)
  3 bullfrogs (D:6)
  3 scorpions (D:4)
  3 wights (D:6)
  A crimson imp (D:5)
  A bullfrog zombie (D:6)
  A hound (D:5)
  2 orc priests
  8 orc wizards
  Jessica (D:3)
  3 iguanas
  6 worker ants
  Natasha (twice) (D:4)
  A hound zombie (D:5)
  6 adders
  2 shadow imps
  An adder zombie (D:8)
  An adder skeleton (D:4)
  3 worms
  2 dart slugs
  3 leopard geckos
  28 orcs
  2 giant cockroaches (D:6)
  6 goblins
  10 hobgoblins
  2 quokkas (D:4)
  2 ball pythons
  10 bats
  3 frilled lizards
  16 kobolds
  6 rats
153 creatures vanquished.

Vanquished Creatures (collateral kills)
  Natasha (D:4)
  An adder (D:5)
  A worm (D:3)
  3 orcs
  A goblin (D:3)
  A bat (D:1)
  A frilled lizard (D:4)
9 creatures vanquished.

Vanquished Creatures (others)
  3 slaves (D:6)
  A centaur (D:6)
  A wight (D:6)
  A bullfrog zombie (D:6)
  An orc wizard (D:6)
  3 fungi (D:8)
  A plant (D:8)
11 creatures vanquished.

Grand Total: 173 creatures vanquished

Notes
Turn   | Place    | Note
-------+----------+-------------------------------------------
     0 | D:1      | tidbits the Demigod Transmuter began the quest for the Orb.
     0 | D:1      | Reached XP level 1. HP: 15/15 MP: 5/5
    49 | D:1      | Reached skill level 2 in Spellcasting
   155 | D:1      | Reached skill level 3 in Unarmed Combat
   252 | D:1      | Reached XP level 2. HP: 22/22 MP: 7/7
   256 | D:1      | Learned a level 2 spell: Sticks to Snakes
   330 | D:1      | Reached skill level 2 in Transmutations
   685 | D:2      | Reached XP level 3. HP: 16/27 MP: 3/8
  1085 | D:2      | Learned a level 3 spell: Spider Form
  1272 | D:3      | Noticed Jessica
  1297 | D:3      | Killed Jessica
  1297 | D:3      | Reached XP level 4. HP: 10/34 MP: 6/9
  1330 | D:4      | Found a basalt altar of Yredelemnul.
  1343 | D:4      | Reached skill level 4 in Unarmed Combat
  1410 | D:4      | Reached skill level 3 in Transmutations
  1626 | D:3      | Reached XP level 5. HP: 30/39 MP: 1/10
  1660 | D:3      | Gained mutation: Your body sometimes deteriorates upon taking damage. [potion of mutation]
  1660 | D:3      | Gained mutation: You are resistant to hostile enchantments. (MR+) [potion of mutation]
  1700 | D:4      | HP: 3/39 [orc wizard/dagger of protection (3)]
  1702 | D:4      | Reached skill level 5 in Unarmed Combat
  1775 | D:3      | HP: 1/39 [worm (11)]
  1832 | D:3      | Noticed Sigmund
  1857 | D:3      | Killed Sigmund
  1857 | D:3      | Reached skill level 4 in Transmutations
  1857 | D:3      | Reached XP level 6. HP: 14/46 MP: 2/11
  1969 | D:4      | Noticed Natasha
  1982 | D:4      | Killed Natasha
  2002 | D:4      | Found an opulent altar of Gozag.
  2014 | D:4      | Reached skill level 2 in Dodging
  2100 | D:4      | Noticed Natasha
  2104 | D:4      | Reached skill level 6 in Unarmed Combat
  2112 | D:4      | You fall through a shaft!
  2112 | D:5      | Entered Level 5 of the Dungeon
  2114 | D:5      | Reached skill level 1 in Fighting
  2296 | D:4      | Killed Natasha
  2296 | D:4      | Reached XP level 7. HP: 47/52 MP: 7/13
  2391 | D:5      | Found a staircase to the Ecumenical Temple.
  2401 | D:5      | Reached skill level 1 in Stealth
  2725 | D:5      | Reached skill level 2 in Fighting
  2780 | D:4      | HP: 5/55 [orc wizard/magic dart (6)]
  2783 | D:4      | Found a shimmering altar of Xom.
  2783 | D:4      | Found a shimmering altar of Xom.
  2784 | D:4      | Found a shimmering altar of Xom.
  2788 | D:4      | Found a shimmering altar of Xom.
  2789 | D:4      | Found a shimmering altar of Xom.
  2790 | D:4      | Found a shimmering altar of Xom.
  2790 | D:4      | Found a shimmering altar of Xom.
  2791 | D:4      | HP: 2/55 [orc priest/divine providence (13)]
  2832 | D:4      | Lost mutation: You are resistant to hostile enchantments. (MR+) [potion of mutation]
  2832 | D:4      | Lost mutation: Your body sometimes deteriorates upon taking damage. [potion of mutation]
  2832 | D:4      | Gained mutation: You are partially covered in rugged brown scales. (AC +1, +3% HP) [potion of mutation]
  2832 | D:4      | Gained mutation: You are clumsy. (Dex -2) [potion of mutation]
  2832 | D:4      | Gained mutation: You have a pair of small horns on your head. [potion of mutation]
  2832 | D:4      | Gained mutation: You evolve. [potion of mutation]
  2839 | D:4      | Found a hide-covered altar of Uskayaw.
  3053 | D:4      | Noticed Natasha
  3057 | D:4      | Killed Natasha
  3110 | D:5      | Reached skill level 3 in Dodging
  3110 | D:5      | Reached skill level 7 in Unarmed Combat
  3151 | D:5      | Reached XP level 8. HP: 50/63 MP: 6/14
  3178 | D:6      | Noticed Pikel
  3209 | D:6      | Killed Pikel
  3209 | D:6      | Reached skill level 3 in Fighting
  3209 | D:6      | Reached skill level 5 in Transmutations
  3296 | D:6      | Reached skill level 8 in Unarmed Combat
  3515 | D:6      | Reached skill level 4 in Dodging
  3614 | D:6      | You fall through a shaft for 2 floors!
  3614 | D:8      | Found a staircase to the Lair.
  3629 | Lair:1   | Entered Level 1 of the Lair of Beasts
  3636 | Lair:1   | Learned a level 5 spell: Blade Hands
  3647 | Lair:1   | Noticed Fannar
  3665 | Lair:1   | Reached XP level 9. HP: 64/73 MP: 6/15
  3708 | D:8      | Reached skill level 4 in Fighting
  3708 | D:8      | Reached skill level 6 in Transmutations
  3921 | D:8      | Noticed a fire dragon
  3970 | D:8      | Noticed Joseph
  3991 | D:8      | Killed Joseph
  3991 | D:8      | Reached skill level 9 in Unarmed Combat
  4067 | D:8      | Found Odaup's Assorted Antiques.
  4067 | D:8      | Found Atoetao's Magic Scroll Boutique.
  4078 | D:8      | Bought a wooden wand for 124 gold pieces
  4078 | D:8      | Bought a metallic brown potion for 27 gold pieces
  4087 | D:8      | Bought a scroll of fog for 30 gold pieces
  4087 | D:8      | Bought a scroll of identify for 30 gold pieces
  4087 | D:8      | Bought a scroll of remove curse for 45 gold pieces
  4087 | D:8      | Bought a scroll of identify for 30 gold pieces
  4137 | D:8      | Killed from afar by an orc warrior

Vault maps used:
D:1:      dpeg_arrival_shelter, st_stairs_13
D:3:      uniq_jessica, uniq_sigmund
D:4:      grunt_gozag_statues, overflow_temple_1_default,
          overflow_temple_1_default, first_bread, st_stairs_4,
          serial_bayou_lagoon_a, minmay_misc_feat_nine_boxes, xom_redecorated,
          uniq_natasha
D:5:      minmay_temple_entry_statues_pillars, grunt_decor_resistance
D:6:      uniq_pikel
D:8:      minmay_blocky_corners, grunt_lair_entry_orc_guard_hut, serial_shops,
          shop, shop, minivault_11, uniq_joseph
Lair:1:   grunt_megastairs_3, wad_woods_river_01, uniq_fannar

Skill      XL: |  1  2  3  4  5  6  7  8  9 |
---------------+----------------------------+-----
Spellcasting   | 2 |  2.4
Unarmed Combat | 3 4 5 6 7 8 9 |  9.1
Transmutations | 2 3 4 5 6 |  6.3
Dodging        | 2 3 4 |  4.7
Fighting       | 1 2 3 4 |  4.3
Stealth        | 1 |  1.0

Action                   |  1- 3 |  4- 6 |  7- 9 || total
-------------------------+-------+-------+-------++-------
Melee: Unarmed           |    86 |    89 |   250 ||   425
       Kick              |     3 |     2 |       ||     5
       Headbutt          |     3 |       |       ||     3
Throw: Tomahawk          |    45 |       |       ||    45
 Cast: Beastly Appendage |    17 |     2 |       ||    19
       Sticks to Snakes  |     7 |    12 |    22 ||    41
       Spider Form       |     7 |    17 |    40 ||    64
 Abil: End Transformatio |       |     2 |     2 ||     4
Evoke: Wand              |       |     7 |       ||     7
  Use: Potion            |     6 |     2 |     5 ||    13
       Scroll            |     3 |     2 |     4 ||     9
 Stab: Distracted        |     1 |       |     3 ||     4
       Sleeping          |       |     1 |     2 ||     3
  Eat: Chunk             |     2 |     8 |     8 ||    18
       Royal jelly       |       |       |     2 ||     2
       Fruit             |       |       |     1 ||     1
Armor: Robe              |    18 |     7 |     2 ||    27
       Skin              |     2 |     1 |     6 ||     9
Dodge: Dodged            |    70 |    52 |   142 ||   264
Block: Other             |       |       |    36 ||    36

Table legend:
 A = Spawn XP
 B = Non-spawn XP
 C = Spawn XP percentage of total XP
 D = Spawn monster count
 E = Non-spawn monster count
 F = Spawn count percentage of total count
 G = Total turns spent on level
                    A         B        C        D         E        F      G
               +---------+---------+-------+---------+---------+-------+---------
         Total |     301 |    4272 |   6.6 |       8 |     153 |   5.0 |  4137
               +---------+---------+-------+---------+---------+-------+---------
           D:1 |       2 |      26 |   7.1 |       1 |      16 |   5.9 |   434
           D:2 |       1 |      45 |   2.2 |       1 |      21 |   4.5 |   677
           D:3 |      36 |     294 |  10.9 |       1 |      25 |   3.8 |   690
           D:4 |     190 |     541 |  26.0 |       2 |      28 |   6.7 |   621
           D:5 |      33 |     560 |   5.6 |       1 |      27 |   3.6 |   754
           D:6 |       0 |    1379 |   0.0 |       0 |      20 |   0.0 |   438
           D:8 |      39 |    1322 |   2.9 |       2 |      15 |  11.8 |   477
        Lair:1 |       0 |     105 |   0.0 |       0 |       1 |   0.0 |    46
               +---------+---------+-------+---------+---------+-------+---------

Table legend:
 A = Turns spent in this place as a percentage of turns spent in the entire game.
 B = Non-inter-level travel turns spent in this place as a percentage of non-inter-level travel turns spent in the entire game.
 C = Inter-level travel turns spent in this place as a percentage of turns spent in this place.
 D = Turns resting spent in this place as a percentage of non-inter-level travel turns spent in this place.
 E = Turns spent auto-exploring this place as a percentage of non-inter-level travel turns spent in this place.
 F = Non-inter-level travel turns spent in this place divided by the number of levels of this place that you've seen.
                   A       B       C       D       E      F
               +-------+-------+-------+-------+-------+----------------------
         Total | 100.0 | 100.0 |   5.0 |   0.0 |   0.0 | 491.1
       Dungeon |  98.9 |  98.8 |   5.1 |   0.0 |   0.0 | 554.7
          Lair |   1.1 |   1.2 |   0.0 |   0.0 |   0.0 |  46.0
               +-------+-------+-------+-------+-------+----------------------

Table legend:
 A = Kills in this place as a percentage of kills in entire the game.
 B = Kills by you in this place as a percentage of kills by you in the entire game.
 C = Kills by friends in this place as a percentage of kills by friends in the entire game.
 D = Other kills in this place as a percentage of other kills in the entire game.
 E = Experience gained in this place as a percentage of experience gained in the entire game.
 F = Experience gained in this place divided by the number of levels of this place that you have seen.
                   A       B       C       D       E      F
               +-------+-------+-------+-------+-------+----------------------
         Total | 100.0 | 100.0 | 100.0 |   N/A | 100.0 | 571.6
       Dungeon |  99.4 |  99.3 | 100.0 |   N/A |  97.7 | 638.3
          Lair |   0.6 |   0.7 |   0.0 |   N/A |   2.3 | 105.0
               +-------+-------+-------+-------+-------+----------------------

Vault maps used:
D:1:      dpeg_arrival_shelter, st_stairs_13
D:3:      uniq_jessica, uniq_sigmund
D:4:      grunt_gozag_statues, overflow_temple_1_default,
          overflow_temple_1_default, first_bread, st_stairs_4,
          serial_bayou_lagoon_a, minmay_misc_feat_nine_boxes, xom_redecorated,
          uniq_natasha
D:5:      minmay_temple_entry_statues_pillars, grunt_decor_resistance
D:6:      uniq_pikel
D:8:      minmay_blocky_corners, grunt_lair_entry_orc_guard_hut, serial_shops,
          shop, shop, minivault_11, uniq_joseph
Lair:1:   grunt_megastairs_3, wad_woods_river_01, uniq_fannar
